 Dungeon Sprint DCSS version 0.20-a0-1127-g1289703 (webtiles) character file.

1950 potatolord6000 the Fighter (level 8, -4/73 HPs)
             Began as a Demonspawn Gladiator on May 18, 2017.
             Was an Initiate of Gozag.
             Slain by a five-headed hydra (12 damage)
             ... in the Dungeon (Sprint IX: "|||||||||||||||||||||||||||||").
             The game lasted 00:03:04 (666 turns).

potatolord6000 the Fighter (Demonspawn Gladiator)    Turns: 666, Time: 00:03:04

Health: -4/73      AC:  9    Str: 22    XL:     8   Next: 99%
Magic:  8/8        EV: 16    Int: 12    God:    Gozag
Gold:   302        SH:  0    Dex: 15    Spells: 7/7 levels left

rFire    . . .     SeeInvis .   m - +4 quarterstaff (speed)
rCold    + . .     Gourm    .   (shield currently unavailable)
rNeg     . . .     Faith    .   b - +1 scale mail
rPois    .         Spirit   .   (helmet restricted)
rElec    .         Reflect  .   n - +0 cloak
rCorr    .         Harm     .   (no gloves)
MR       .....     NoTele   +   a - +0 pair of boots
Stlth    ..........             (no amulet)
Regen    0.3/turn               o - +3 ring of strength
MPRegen  0.2/turn               p - +3 ring of strength

@: no status effects
A: claws 1, horns 1, talons 1, clever 1, cold resistance 1, deformed body,
powered by death 1, no potion heal 1
a: Potion Petition, Call Merchant, Bribe Branch, Renounce Religion


You were in the Dungeon.
You worshipped Gozag.
Gozag was aware of your devotion.
You were not hungry.

You visited 1 branch You collected 1080 gold pieces.
You paid 778 gold pieces to Gozag.

Inventory:

Hand Weapons
 m - a +4 quarterstaff of speed (weapon)
Armour
 a - a +0 pair of boots (worn)
 b - a +1 scale mail (worn)
 n - a +0 cloak (worn)
Jewellery
 o - a +3 ring of strength (left claw)
 p - a +3 ring of strength (right claw)
Scrolls
 h - 3 scrolls of remove curse
 k - 4 scrolls of blinking
 l - 2 scrolls of amnesia
 s - 2 scrolls of identify
 t - a scroll of recharging
 u - 2 scrolls of enchant armour
Potions
 d - a potion of invisibility
 e - 6 potions of curing
 g - 3 potions of heal wounds
 i - 4 potions of magic
 j - a potion of brilliance
 q - a potion of might
Comestibles
 f - a bread ration


   Skills:
 + Level 10.4 Fighting
 + Level 9.7 Staves
 - Level 1.7 Throwing
 + Level 9.3 Armour
 + Level 9.8 Dodging


You had 7 spell levels left.
You didn't know any spells.

Dungeon Overview and Level Annotations

Branches:
Dungeon (1/1)

Altars:
Cheibriados
Dithmenos
Elyvilon
Fedhas
Gozag
Hepliaklqana
Kikubaaqudgha
Makhleb
Nemelex Xobeh
Okawaru
Qazlal
Ru
Sif Muna
Trog
Uskayaw
Vehumet
Wu Jian
Xom
Yredelemnul
Zin
The Shining One
Beogh
Jiyva
Lugonu

Shops:
D [


Innate Abilities, Weirdness & Mutations

You have sharp fingernails.
You have a pair of small horns on your head.
You have sharp toenails.
Your flesh is cold resistant. (rC+)
You regenerate a little health from kills.
Your mind is acute. (Int +2)
Armour fits poorly on your strangely shaped body.
Potions are less effective at restoring your health.


Message History

You headbutt the five-headed hydra, but do no damage.
The five-headed hydra is heavily wounded.
Unknown command.
You bludgeon the five-headed hydra!! You headbutt the five-headed hydra.
The five-headed hydra is almost dead.
The five-headed hydra misses you. x2; The five-headed hydra bites you!
* * * LOW HITPOINT WARNING * * *
The five-headed hydra bites you!
* * * LOW HITPOINT WARNING * * *
The five-headed hydra completely misses you.
Unknown command.
You barely miss the five-headed hydra.
The five-headed hydra is almost dead.
You hit the five-headed hydra.
The five-headed hydra is almost dead.
The five-headed hydra misses you.
The five-headed hydra bites you but does no damage.
The five-headed hydra bites you!
You die...
Your body crumbles into a pile of gold. $$$$$$$$$ $$$$$$$$$$$$$

▓▓▓▓▓▓▓▓▓▓▓▓▓▓▓▓▓▓▓▓▓▓▓▓
.SFFhFD@.....}......'...
▓▓▓▓▓▓▓▓▓▓▓▓▓▓▓▓▓▓▓▓▓▓▓▓▓▓▓▓▓▓▓▓▓
.................................
▓▓▓▓▓▓▓▓▓▓▓▓▓▓▓▓▓▓▓▓▓▓▓▓▓▓▓▓▓▓▓▓▓
____________________'.....).....'
▓▓▓▓▓▓▓▓▓▓▓▓▓▓▓▓▓▓▓▓▓▓▓▓▓▓▓▓▓▓▓▓▓


You could see a five-headed hydra, 2 spiny frogs, a water moccasin, a wolf and a
bullfrog.

Vanquished Creatures
  A deep elf mage (D)
  An ugly thing (D)
  A cyclops (D)
  A troll (D)
  A yak (D)
  A vampire mosquito (D)
  2 centaurs (D)
  A scorpion (D)
  A howler monkey (D)
  A jelly (D)
  2 hounds (D)
  A shadow imp (D)
  An ooze (D)
  An orc (D)
  A giant cockroach (D)
  A jackal (D)
  A quokka (D)
  A jackal skeleton (D)
  2 rats (D)
22 creatures vanquished.

Notes
Turn   | Place    | Note
-------+----------+-------------------------------------------
     0 | D        | potatolord6000 the Demonspawn Gladiator began the quest for the Orb.
     0 | D        | Reached XP level 1. HP: 16/16 MP: 1/1
    13 | D        | Reached skill level 1 in Armour
    16 | D        | Gained mutation: You regenerate a little health from kills. [demonic ancestry]
    16 | D        | Reached XP level 2. HP: 17/23 MP: 2/2
   100 | D        | Noticed a howler monkey
   100 | D        | Noticed a scorpion
   100 | D        | Noticed a centaur
   110 | D        | Killed a centaur
   110 | D        | Reached skill level 4 in Fighting
   110 | D        | Reached XP level 3. HP: 11/31 MP: 3/3
   110 | D        | Gained mutation: You have sharp toenails. [demonic ancestry]
   110 | D        | Reached XP level 4. HP: 14/38 MP: 4/4
   122 | D        | Reached skill level 5 in Fighting
   122 | D        | Reached skill level 5 in Staves
   122 | D        | Reached skill level 5 in Dodging
   129 | D        | Reached XP level 5. HP: 21/46 MP: 5/5
   141 | D        | Found a roughly hewn altar of Beogh.
   141 | D        | Found a snail-covered altar of Cheibriados.
   141 | D        | Found a shadowy altar of Dithmenos.
   141 | D        | Found a white marble altar of Elyvilon.
   141 | D        | Found a blossoming altar of Fedhas.
   141 | D        | Found an opulent altar of Gozag.
   142 | D        | Found a hazy altar of Hepliaklqana.
   143 | D        | Found a viscous altar of Jiyva.
   144 | D        | Found an ancient bone altar of Kikubaaqudgha.
   145 | D        | Found a corrupted altar of Lugonu.
   146 | D        | Found a burning altar of Makhleb.
   147 | D        | Found a sparkling altar of Nemelex Xobeh.
   148 | D        | Found an iron altar of Okawaru.
   149 | D        | Found a stormy altar of Qazlal.
   151 | D        | Became a worshipper of Gozag Ym Sagoz the Greedy
   153 | D        | Found a sacrificial altar of Ru.
   154 | D        | Found a deep blue altar of Sif Muna.
   155 | D        | Found a bloodstained altar of Trog.
   156 | D        | Found a hide-covered altar of Uskayaw.
   157 | D        | Found a radiant altar of Vehumet.
   158 | D        | Found an ornate altar of the Wu Jian Council.
   159 | D        | Found a shimmering altar of Xom.
   160 | D        | Found a basalt altar of Yredelemnul.
   161 | D        | Found a glowing silver altar of Zin.
   162 | D        | Found a glowing golden altar of the Shining One.
   296 | D        | Noticed a troll
   296 | D        | Noticed a centaur
   303 | D        | Killed a centaur
   303 | D        | Reached skill level 6 in Fighting
   303 | D        | Reached skill level 5 in Armour
   305 | D        | Gained mutation: You have a pair of small horns on your head. [demonic ancestry]
   305 | D        | Reached XP level 6. HP: 46/53 MP: 6/6
   314 | D        | Killed a troll
   314 | D        | Reached skill level 7 in Fighting
   314 | D        | Gained mutation: You have sharp fingernails. [demonic ancestry]
   314 | D        | Reached XP level 7. HP: 40/61 MP: 7/7
   323 | D        | Reached skill level 8 in Fighting
   444 | D        | Noticed a vampire mosquito
   444 | D        | Noticed a cyclops
   444 | D        | Noticed a deep elf mage
   444 | D        | Noticed a cyan ugly thing
   444 | D        | Noticed a yak
   447 | D        | Noticed a demonic crawler
   447 | D        | Noticed a redback
   452 | D        | Killed a yak
   465 | D        | Killed a cyan ugly thing
   465 | D        | Reached skill level 9 in Fighting
   465 | D        | Gained mutation: Your flesh is cold resistant. (rC+) [demonic ancestry]
   465 | D        | Reached XP level 8. HP: 51/71 MP: 8/8
   467 | D        | Killed a deep elf mage
   473 | D        | Killed a cyclops
   473 | D        | Reached skill level 10 in Fighting
   646 | D        | Gained mutation: Armour fits poorly on your strangely shaped body. [potion of mutation]
   646 | D        | Gained mutation: Potions are less effective at restoring your health. [potion of mutation]
   646 | D        | Gained mutation: Your mind is acute. (Int +2) [potion of mutation]
   659 | D        | Noticed a spiny frog
   659 | D        | Noticed a spiny frog
   659 | D        | Noticed a five-headed hydra
   666 | D        | Slain by a five-headed hydra

Vault maps used:
D:        linesprint

Skill      XL: |  1  2  3  4  5  6  7  8 |
---------------+-------------------------+-----
Staves         | 3 4 5 6 7 8 9 |  9.7
Armour         | 1 3 4 5 6 8 9 |  9.3
Dodging        | 3 4 5 6 7 8 9 |  9.8
Fighting       | 4 5 6 7 9 10 | 10.4
Throwing       | |  1.7

Action                   |  1- 3 |  4- 6 |  7- 9 || total
-------------------------+-------+-------+-------++-------
Melee: Quarterstaff      |    23 |    40 |    43 ||   106
       Kick              |       |    10 |       ||    10
       Headbutt          |       |     1 |    13 ||    14
Invok: Call Merchant     |       |       |     1 ||     1
  Use: Potion            |     1 |     1 |     3 ||     5
Armor: Leather armour    |     5 |     2 |       ||     7
       Scale mail        |       |     8 |     7 ||    15
Dodge: Dodged            |     7 |    16 |    19 ||    42
